 Dungeon Crawl Stone Soup version 0.26-a0-708-g17f3b190f9 (webtiles) character file.

Game seed: 11792519006458863786

200 KennyOmg the Chopper (level 5, 0/72 HPs)
             Began as a Minotaur Berserker on Oct 28, 2020.
             Was a Priest of Trog.
             Slain by an orc warrior
             ... wielding a +0 trident
              (13 damage)
             ... on level 4 of the Dungeon.
             The game lasted 00:02:57 (2189 turns).

KennyOmg the Chopper (Minotaur Berserker)           Turns: 2189, Time: 00:02:58

Health: 0/72       AC:  8    Str: 21    XL:     5   Next: 48%
Magic:  4/4        EV: 10    Int:  5    God:    Trog [***...]
Gold:   201        SH:  4    Dex: 16    Spells: 4/4 levels left

rFire    . . .     SeeInvis .   n - +1 hand axe (vorpal)
rCold    + . .     Faith    .   d - +0 buckler
rNeg     . . .     Spirit   .   e - +1 scale mail
rPois    .         Reflect  .   j - +1 hat
rElec    .         Harm     .   (no cloak)
rCorr    .         Rampage  .   (no gloves)
MR       .....                  (no boots)
Stlth    ..........             (no amulet)
HPRegen  0.22/turn              o - ring of protection from cold
MPRegen  0.09/turn              i - +6 ring of dexterity

@: berserking, slowed
A: retaliatory headbutt, horns 2
a: Berserk, Trog's Hand, Renounce Religion


You were on level 4 of the Dungeon.
You worshipped Trog.
Trog was most pleased with you.
You visited 1 branch of the dungeon, and saw 4 of its levels.

You collected 201 gold pieces.

Inventory:

Hand Weapons
 n - a +1 vorpal hand axe (weapon)
   (You found it on level 3 of the Dungeon)
Armour
 d - a +0 buckler (worn)
   (You found it on level 2 of the Dungeon)
 e - a +1 scale mail (worn)
   (You found it on level 1 of the Dungeon)
 j - a +1 hat (worn)
   (You found it on level 2 of the Dungeon)
Jewellery
 i - a +6 ring of dexterity (right hand)
   (You found it on level 1 of the Dungeon)
 o - a ring of protection from cold (left hand)
   (You found it on level 3 of the Dungeon)
Scrolls
 c - a scroll of magic mapping
 k - 2 scrolls of remove curse {@r2}
 l - a scroll of fear {unknown}
 m - 2 scrolls of amnesia {unknown}
Potions
 b - 6 potions of curing {unknown}
 f - 3 potions of brilliance {unknown}
 g - a potion of haste {unknown}
 h - 2 potions of heal wounds {unknown}


   Skills:
 + Level 5.0 Fighting
 * Level 6.2 Axes
 - Level 2.4 Armour
 - Level 2.1 Dodging
 + Level 2.1 Shields


You had 4 spell levels left.
You didn't know any spells.
Your spell library was empty.

Dungeon Overview and Level Annotations

Branches:
Dungeon (4/15)
 Temple: D:4-7

Altars:
Elyvilon
Trog


Innate Abilities, Weirdness & Mutations

You reflexively headbutt those who attack you in melee.
You have a pair of horns on your head.


Message History

You hit the orc warrior but do no damage.
You headbutt the orc warrior!
The orc warrior hits you with a +0 trident.
The orc throws a boomerang.
You block the boomerang.
The weapon returns to the orc!
You hit the orc warrior but do no damage.
The orc warrior hits you with a +0 trident!
The orc wizard casts a spell.
The orc wizard blinks!
You hit the orc warrior. You hit the orc wizard.
The orc wizard points at you and mumbles some strange words.
You feel yourself slow down.
The orc warrior hits you with a +0 trident!
* * * LOW HITPOINT WARNING * * *
You are too injured to fight recklessly!
You are too injured to fight recklessly!
A red film seems to cover your vision as you go berserk!
You feel yourself moving faster!
You feel mighty!
The orc wizard hits you with a +0 dagger.
* * * LOW HITPOINT WARNING * * *
The orc wizard gestures wildly while chanting.
The orc wizard blinks!
The orc warrior misses you.
The orc throws a boomerang.
The boomerang barely misses you.
You hit the orc warrior but do no damage.
Your headbutt misses the orc warrior.
The orc wizard points at you and mumbles some strange words.
The magic dart hits you.
* * * LOW HITPOINT WARNING * * *
The orc warrior hits you but does no damage.
The orc throws a boomerang.
You block the boomerang.
The weapon returns to the orc!
An orc comes into view.
You hit the orc warrior.
You headbutt the orc warrior, but do no damage.
The orc throws a boomerang.
The boomerang misses you.
The weapon returns to the orc!
The orc warrior hits you with a +0 trident.
* * * LOW HITPOINT WARNING * * *
You hit the orc warrior. You headbutt the orc warrior.
The orc throws a boomerang.
You block the boomerang.
The weapon returns to the orc!
The orc warrior barely misses you.
You closely miss the orc warrior. Your headbutt misses the orc warrior.
You slash the orc wizard!
You kill the orc wizard!
Trog accepts your kill.
Trog appreciates your killing of a magic user.
Your Fighting skill increases to level 5!
Your Shields skill increases to level 2!
The orc warrior hits you with a +0 trident!
You die...

# .# ###.#
....#
#########....#
#<.....).....#
########.....#
######.....#
#oSo@).....#
#.###o#.#..#
#........#
#.#.######
#.#.# #.#.#
###.#


You could see an orc warrior, 2 orcs and a ball python.

Vanquished Creatures
  An orc priest (D:4)
  An orc wizard (D:4)
  A howler monkey skeleton (D:4)
  4 adders
  3 oozes
  2 dart slugs
  2 leopard geckos
  9 orcs
  11 bats
  2 giant cockroaches
  8 goblins
  7 hobgoblins
  2 jackals (D:3)
  A quokka (D:3)
  A ball python (D:3)
  2 frilled lizards (D:2)
  5 kobolds
  8 rats
70 creatures vanquished.

Vanquished Creatures (others)
  6 plants (D:2)
6 creatures vanquished.

Grand Total: 76 creatures vanquished

Notes
Turn   | Place    | Note
-------+----------+-------------------------------------------
     0 | D:1      | KennyOmg the Minotaur Berserker began the quest for the
                  | Orb.
     0 | D:1      | Reached XP level 1. HP: 19/19 MP: 0/0
   130 | D:1      | Reached skill level 4 in Axes
   177 | D:1      | Reached XP level 2. HP: 23/27 MP: 1/1
   478 | D:1      | Reached ** piety under Trog
   536 | D:1      | Reached XP level 3. HP: 27/33 MP: 2/2
   949 | D:2      | Reached skill level 5 in Axes
  1135 | D:2      | Found a white marble altar of Elyvilon.
  1289 | D:2      | Found a faded altar of an unknown god.
  1361 | D:2      | Reached XP level 4. HP: 35/41 MP: 3/3
  1642 | D:3      | Reached skill level 1 in Shields
  1920 | D:3      | Found a bloodstained altar of Trog.
  2040 | D:3      | Reached *** piety under Trog
  2157 | D:4      | Reached XP level 5. HP: 45/47 MP: 4/4
  2163 | D:4      | Reached skill level 6 in Axes
  2177 | D:4      | Noticed an orc warrior
  2189 | D:4      | Reached skill level 5 in Fighting
  2189 | D:4      | Slain by an orc warrior

Illustrated notes

Levels and vault maps discovered:
D:1:      psy_arrival_fountain, layout_basic, minmay_distorted
D:2:      layout_rooms, elyvilon_altar_1, chequers_ecumenical_altar_lobes
D:3:      layout_basic, old_standard_altar
D:4:      layout_basic, uniq_ijyb, uniq_duvessa, uniq_eustachio

Skill      XL: |  1  2  3  4  5 |
---------------+----------------+-----
Axes           | 4 5 6 |  6.2
Fighting       | 4 5 |  5.0
Shields        | 1 2 |  2.1
Armour         | |  2.4
Dodging        | |  2.1

Action                   |  1- 3 |  4- 6 || total
-------------------------+-------+-------++-------
Melee: Hand axe          |    79 |    55 ||   134
       Headbutt          |    12 |    19 ||    31
Invok: Berserk           |       |     1 ||     1
  Use: Scroll            |     5 |     1 ||     6
Armor: Animal skin       |    21 |       ||    21
       Scale mail        |    10 |    16 ||    26
Dodge: Dodged            |    77 |    29 ||   106
Block: Buckler           |     2 |    10 ||    12

Table legend: (Time is in decaauts)
 A = Elapsed time spent in this place.
 B = Non-inter-level travel time spent in this place.
 C = Inter-level travel time spent in this place.
 D = Time resting spent in this place.
 E = Time spent auto-exploring this place.
 F = Levels seen in this place.
 G = Mean time per level.
                   A        B        C        D        E       F      G
               +--------+--------+--------+--------+--------+-----+--------+
         Total |   2195 |   2138 |     57 |     60 |   1626 |   4 |  548.8 |
       Dungeon |   2195 |   2138 |     57 |     60 |   1626 |   4 |  548.8 |
               +--------+--------+--------+--------+--------+-----+--------+

Top non-repeatable levels by time:
     D:1: 860 daAuts
     D:2: 775 daAuts
     D:3: 517 daAuts
     D:4: 41 daAuts
